 Dungeon Crawl Stone Soup version 0.27-a0-1532-gca18f49f40 (webtiles) character file.

Game seed: 1164776846517231917

42415 garrulousMonolith the Geomancer (level 14, -8/90 HPs)
             Began as a Gargoyle Earth Elementalist on July 12, 2021.
             Was a High Priest of Kikubaaqudgha.
             Mangled by a komodo dragon (17 damage)
             ... on level 6 of the Lair of Beasts.
             The game lasted 00:44:38 (24050 turns).

garrulousMonolith the Geomancer (GrEE)             Turns: 24050, Time: 00:44:39

Health: -8/90      AC: 33    Str: 12    XL:     14   Next: 19%
Magic:  7/28       EV: 12    Int: 34    God:    Kikubaaqudgha [*****.]
Gold:   904        SH:  5    Dex: 16    Spells: 8/33 levels left

rFire    . . .     SeeInvis .   P - +3 dagger (pain)
rCold    . . .     Faith    .   (no shield)
rNeg     + . .     Spirit   .   Q - +10 scale mail of the Constellations {Int+4}
rPois    ∞         Reflect  +   f - +2 helmet {Int+3}
rElec    +         Harm     .   (no cloak)
rCorr    .         Rampage  .   j - +1 pair of gloves
Will     +....                  (no boots)
Stlth    +.........             B - amulet of reflection
HPRegen  0.25/turn              p - +6 ring of intelligence
MPRegen  0.21/turn              q - +6 ring of dexterity

@: flying
A: sickness immunity, AC +10, big wings, negative energy resistance 1,
electricity resistance, torment resistance 1, petrification resistance
a: Renounce Religion, Receive Corpses, Torment


You were on level 6 of the Lair of Beasts.
You worshipped Kikubaaqudgha.
Kikubaaqudgha was extremely pleased with you.
You visited 3 branches of the dungeon, and saw 18 of its levels.
You also visited: Sewer.

You collected 1168 gold pieces.
You spent 264 gold pieces at shops.

Inventory:

Hand Weapons
 g - a +0 dagger of electrocution
 O - a +2 rapier of protection
 P - a +3 dagger of pain (weapon)
Missiles
 c - 253 stones
 d - 9 curare-tipped darts
 n - 89 poisoned darts (quivered)
 I - 2 throwing nets
Armour
 f - a +2 helmet of intelligence (worn)
 j - a +1 pair of gloves (worn)
 Q - the +10 scale mail of the Constellations (worn) {Int+4}
   (You found it on level 10 of the Dungeon)

   Int:       It affects your intelligence (+4).
Jewellery
 p - a +6 ring of intelligence (left hand)
 q - a +6 ring of dexterity (right hand)
 B - an amulet of reflection (around neck)
 F - a ring of ice
Wands
 m - a wand of flame (21)
 A - a wand of iceblast (19)
 H - a wand of digging (11)
 K - a wand of charming (4)
 M - a wand of polymorph (11)
 N - a wand of acid (3)
 S - a wand of paralysis (11)
Scrolls
 i - 2 scrolls of fog
 l - 4 scrolls of magic mapping
 o - 2 scrolls of holy word
 r - a scroll of brand weapon
 s - 5 scrolls of amnesia
 x - 4 scrolls of immolation
 y - 4 scrolls of teleportation
 C - 2 scrolls of blinking
 L - a scroll of silence
 R - 2 scrolls of enchant weapon
Potions
 a - a potion of ambrosia {unknown}
 e - 2 potions of lignification
 h - 2 potions of resistance
 k - 2 potions of brilliance
 t - 6 potions of flight
 u - a potion of mutation {unknown}
 v - a potion of berserk rage {unknown}
 w - a potion of degeneration {unknown}
 z - 4 potions of curing
 G - 3 potions of might
 J - 2 potions of haste
 X - 2 potions of invisibility
 Y - a potion of cancellation {unknown}
Miscellaneous
 T - a piece from Xom's chessboard (15/15)


   Skills:
 + Level 11.5 Fighting
 - Level 5.0 Armour
 + Level 8.1 Dodging
 - Level 2.1 Stealth
 + Level 10.2 Spellcasting
 - Level 5.0 Conjurations
 * Level 10.0 Necromancy
 - Level 2.0 Transmutations
 - Level 12.0 Earth Magic


You had 8 spell levels left.
You knew the following spells:

 Your Spells              Type           Power      Damage    Failure   Level
a - Sandblast             Erth           100%       2d20      1%          1
b - Stone Arrow           Conj/Erth      100%       3d13      1%          3
c - Passwall              Tmut/Erth      50%        N/A       1%          2
d - Lee's Rapid Deconstr  Erth           39%        3d20*     2%          5
e - Vampiric Draining     Necr           36%        2d11      1%          3
f - Borgnjor's Vile Clut  Necr/Erth      37%        N/A       3%          5
g - Animate Skeleton      Necr           100%       N/A       1%          1
h - Apportation           Tloc           34%        N/A       12%         1
i - Dispel Undead         Necr           72%        3d24      1%          4

Your spell library contained the following spells:

 Spells                   Type           Power      Damage    Failure   Level
 Magic Dart               Conj           100%       1d8       1%          1
 Pain                     Necr           100%       1d9       1%          1
 Corpse Rot               Necr/Air       N/A        N/A       2%          2
 Shock                    Conj/Air       100%       1d9       4%          1
 Agony                    Necr           72%        N/A       5%          5
 Excruciating Wounds      Necr           36%        N/A       5%          5
 Static Discharge         Conj/Air       34%        N/A       7%          2
 Petrify                  Tmut/Erth      60%        N/A       7%          4
 Wereblood                Tmut           30%        N/A       9%          2
 Corona                   Hex            18%        N/A       12%         1
 Freeze                   Ice            68%        1d8       12%         1
 Summon Small Mammal      Summ           68%        N/A       12%         1
 Dazzling Flash           Conj/Hex       68%        N/A       13%         3
 Call Imp                 Summ           17%        N/A       19%         2
 Ensorcelled Hibernation  Hex/Ice        34%        N/A       19%         2
 Mephitic Cloud           Conj/Pois/Air  28%        N/A       19%         3
 Spider Form              Tmut/Pois      12%        N/A       24%         3
 Swiftness                Air            17%        N/A       36%         3
 Iskenderun's Battlesphe  Conj           50%        2d10      41%         5
 Airstrike                Air            8%         N/A       77%         4
 Summon Lightning Spire   Summ/Air       17%        N/A       77%         4
 Fireball                 Conj/Fire      17%        3d9       77%         5
 Lightning Bolt           Conj/Air       17%        1d31      77%         5
 Simulacrum               Ice/Necr       25%        N/A       93%         6
 Silence                  Hex/Air        8%         N/A       98%         5
 Conjure Ball Lightning   Conj/Air       17%        3x3d6     100%        6
 Shadow Creatures         Summ           N/A        N/A       100%        6
 Orb of Destruction       Conj           25%        9d10      100%        7
 Summon Hydra             Summ           8%         N/A       100%        7
 Lehudib's Crystal Spear  Conj/Erth      33%        10d8      100%        8
 Maxwell's Capacitive Co  Air            8%         ∞         100%        8
 Chain Lightning          Conj/Air       17%        3d22      100%        9
 Sublimation of Blood     Necr           Unusable   N/A       N/A         2

Dungeon Overview and Level Annotations

Branches:
Dungeon (11/15)            Temple (1/1) D:4            Lair (6/6) D:10
  Swamp (0/4) Lair:2        Snake (0/4) Lair:3          Orc (0/2) D:11
  Sewer (visited)
  Slime: Lair:5-6

Altars:
Ashenzari
Cheibriados
Dithmenos
Elyvilon
Fedhas
Gozag
Hepliaklqana
Kikubaaqudgha
Makhleb
Nemelex Xobeh
Okawaru
Qazlal
Ru
Sif Muna
Trog
Uskayaw
Vehumet
Wu Jian
Xom
Yredelemnul
Zin
The Shining One
Beogh

Shops:
D:8 :   D:9 *[

Annotations:
D:7 1 runed translucent door, jejorda2's ghost, novice MfBe
Lair:3 exclusion: 2 oklob plants


Innate Abilities, Weirdness & Mutations

You are immune to sickness and miasma.
Your stone body is resilient. (AC +10)
You are immune to poison.
Your large and strong wings let you fly.
You resist negative energy. (rN+)
You are resistant to electric shocks. (rElec)
You are resistant to unholy torment.
You are immune to petrification.


Message History

The dead are hopping!
The komodo dragon bites you but does no damage.
The komodo dragon bites you!
* * * LOW HITPOINT WARNING * * *
Okay, then.
You block the komodo dragon's attack.
Your cane toad skeleton barely misses the komodo dragon.
Found 26 gold pieces.
Aiming: Corrosive Bolt
Press: ? - help, Shift-Dir - straight line, f - komodo dragon
Aim: a komodo dragon (79% to hit)
The bolt of acid hits the komodo dragon!
The komodo dragon is splashed with acid.
The komodo dragon is moderately wounded.
The bolt of acid hits the komodo dragon!
The komodo dragon is splashed with acid!
The komodo dragon is heavily wounded.
The komodo dragon barely misses you.
Your cane toad skeleton hits the komodo dragon.
Casting: Animate Skeleton (safe; 1% risk of failure)
Confirm with . or Enter, or press ? or * to list all spells.
Aiming: Sandblast (safe; 1% risk of failure)
Press: ? - help, Shift-Dir - straight line, f - komodo dragon
Aim: a komodo dragon (moderately wounded, ally target, 88% to hit)
The blast of sand hits the komodo dragon!
The komodo dragon is heavily wounded.
c - 253 stones The komodo dragon bites you!!
* * * LOW HITPOINT WARNING * * *
Okay, then.
Blink to where?
Press: ? - help, Dir - move target, p - komodo dragon
As you read the scroll of blinking, it crumbles to dust.
Your cane toad skeleton closely misses the komodo dragon.
The komodo dragon bites your cane toad skeleton!!
Your cane toad skeleton is destroyed!
The komodo dragon bites you but does no damage.
The komodo dragon bites you!
You die...
Kikubaaqudgha rasps: "You have failed me!
Welcome... oblivion!"

≈≈#≈≈≈≈....# ≈≈≈≈≈≈....#
#≈)#.....##
#≈####################≈#.......#
≈≈≈≈≈≈≈≈P≈P≈≈≈≈≈≈≈≈P≈≈≈≈≈≈.....##
≈P≈≈≈≈≈P≈≈P≈≈≈≈≈≈≈≈≈≈≈≈≈≈........
#≈≈##≈≈##≈≈##≈≈.#≈≈##≈≈##≈....#..
.≈≈##≈≈#.≈≈#.≈≈##≈≈##≈≈##≈..#####
≈≈....P..≈.†.≈≈≈@ll≈..≈.≈≈..# #
#P..<.........≈≈.#........###
##............#...#.......#
#P...........<....#.....###
###..............#.....#.#
###...............####.###
#..P..........#.... ###
............####P.# ............#
##..


You could see 2 komodo dragons.

Vanquished Creatures
  A boulder beetle (D:11)
  6 hydras
  4 two-headed ogres
  A lindwurm (Lair:5)
  A harpy (shapeshifter) (D:9)
  2 oklob plants
  5 elephants
  5 black mambas
  2 molten gargoyles (D:11)
  A gargoyle (D:6)
  2 rime drakes
  8 cane toads
  9 komodo dragons
  A kobold demonologist (D:11)
  A troll (D:11)
  A hornet (D:10)
  5 polar bears
  10 blink frogs
  12 dream sheep
  2 vampires
  39 yaks
  A shadow (D:11)
  3 wraiths
  3 wyverns
  2 basilisks
  A steam dragon (Lair:2)
  3 wargs (D:10)
  2 nagas (Lair:3)
  18 water moccasins
  A hornet zombie (D:6)
  2 sky beasts (D:8)
  5 orc warriors
  2 black bears
  3 ice beasts
  A necrophage (D:6)
  4 ogres
  10 wolves
  3 centaurs
  A phantom (D:6)
  4 kobold brigands
  14 bullfrogs
  2 scorpions
  A water moccasin skeleton (D:4)
  5 killer bees (D:7)
  6 wights
  An electric eel (Lair:3)
  2 howler monkeys
  5 lava snakes (D:11)
  4 centaur zombies
  2 jellies
  A bullfrog skeleton (D:6)
  9 orc priests
  A centaur skeleton (D:7)
  3 iguanas
  4 orc wizards
  2 human simulacra (D:10)
  A howler monkey zombie (D:5)
  7 gnolls
  A river rat (Sewer)
  4 adders
  3 worms
  6 dart slugs
  46 orcs
  5 bats
  7 endoplasms
  8 giant cockroaches
  13 goblins
  5 hobgoblins
  13 jackals
  23 kobolds
  8 quokkas
  5 ball pythons
  5 frilled lizards
  7 rats
416 creatures vanquished.

Vanquished Creatures (collateral kills)
  A hydra (Lair:3)
  4 elephants
  A blink frog (Lair:2)
  3 yaks
  A centaur (D:8)
  A centaur zombie (D:9)
  A centaur skeleton (D:3)
  A goblin (D:3)
  A hobgoblin (D:3)
14 creatures vanquished.

Vanquished Creatures (others)
  18 fungi
  40 plants
58 creatures vanquished.

Grand Total: 488 creatures vanquished

Notes
Turn   | Place    | Note
-------+----------+-------------------------------------------
     0 | D:1      | garrulousMonolith the Gargoyle Earth Elementalist began the
                  | quest for the Orb.
     0 | D:1      | Reached XP level 1. HP: 10/10 MP: 3/3
   376 | D:1      | Reached XP level 2. HP: 16/16 MP: 3/5
   414 | D:1      | Learned a level 2 spell: Passwall
   500 | D:1      | Reached skill level 1 in Transmutations
   618 | D:1      | Reached skill level 4 in Earth Magic
  1128 | D:2      | Reached XP level 3. HP: 20/20 MP: 3/6
  1132 | D:2      | Learned a level 3 spell: Stone Arrow
  1150 | D:1      | Reached skill level 1 in Fighting
  1548 | D:2      | You fall into a shaft and drop 2 floors!
  1628 | D:4      | Found a staircase to the Ecumenical Temple.
  1638 | Temple   | Entered the Ecumenical Temple
  1787 | Temple   | Became a worshipper of Kikubaaqudgha
  1845 | D:4      | Found a radiant altar of Vehumet.
  1855 | D:4      | Noticed an ogre
  1861 | D:4      | Killed an ogre
  1862 | D:4      | Reached skill level 1 in Conjurations
  1862 | D:4      | Reached XP level 4. HP: 25/25 MP: 2/7
  1862 | D:4      | Reached XP level 5. HP: 29/29 MP: 2/8
  2063 | D:4      | Reached skill level 5 in Earth Magic
  2229 | D:3      | Noticed an ogre
  2233 | D:3      | Killed an ogre
  2234 | D:3      | Reached XP level 6. HP: 35/35 MP: 4/10
  2416 | D:3      | Reached * piety under Kikubaaqudgha
  2416 | D:3      | Received a gift from Kikubaaqudgha
  2423 | D:3      | Learned a level 1 spell: Animate Skeleton
  3151 | D:2      | Got Sorcery, Part One
  3172 | D:2      | Found a faded altar of an unknown god.
  3498 | D:3      | Reached XP level 7. HP: 40/40 MP: 9/11
  3563 | D:3      | Found a blossoming altar of Fedhas.
  4224 | D:4      | Reached skill level 6 in Earth Magic
  4295 | D:4      | Reached ** piety under Kikubaaqudgha
  5171 | D:5      | Entered Level 5 of the Dungeon
  5283 | D:5      | Reached XP level 8. HP: 25/46 MP: 1/13
  5417 | D:5      | Found an iron altar of Okawaru.
  5418 | D:5      | Found a glowing golden altar of the Shining One.
  5419 | D:5      | Found an opulent altar of Gozag.
  5420 | D:5      | Found a snail-covered altar of Cheibriados.
  5420 | D:5      | Found a hazy altar of Hepliaklqana.
  5421 | D:5      | Found a shimmering altar of Xom.
  5421 | D:5      | Found a sparkling altar of Nemelex Xobeh.
  5422 | D:5      | Found a hide-covered altar of Uskayaw.
  5719 | D:5      | Reached skill level 7 in Earth Magic
  5826 | D:5      | Found a glowing drain.
  5844 | Sewer    | Entered a sewer
  5980 | Sewer    | Reached skill level 5 in Conjurations
  6190 | Sewer    | Found a white marble altar of Elyvilon.
  6785 | D:5      | Learned a level 2 spell: Corpse Rot
  6846 | D:6      | Reached *** piety under Kikubaaqudgha
  6846 | D:6      | Received a gift from Kikubaaqudgha
  6876 | D:6      | Learned a level 5 spell: Borgnjor's Vile Clutch
  7026 | D:6      | Reached skill level 1 in Necromancy
  7033 | D:6      | Reached skill level 8 in Earth Magic
  7244 | D:6      | Reached XP level 9. HP: 52/52 MP: 11/15
  7458 | D:6      | Noticed a gargoyle
  7462 | D:6      | Killed a gargoyle
  7551 | D:6      | Reached skill level 9 in Earth Magic
  8340 | D:7      | Got Muwih's Grimoire of Glacial Combat Magic
  8535 | D:7      | Found a runed translucent door.
  8535 | D:7      | Found a shimmering altar of Xom.
  8535 | D:7      | Noticed a +2 dagger of chaos
  8535 | D:7      | Noticed jejorda2's ghost (novice MfBe)
  8572 | D:7      | Reached skill level 5 in Fighting
  8708 | D:8      | Found Tedaituih's Book Shoppe.
  8764 | D:8      | Reached skill level 5 in Spellcasting
  9177 | D:7      | Learned a level 3 spell: Vampiric Draining
  9414 | D:8      | Reached XP level 10. HP: 51/60 MP: 12/18
  9417 | D:8      | Reached skill level 10 in Earth Magic
  9605 | D:8      | Found a shimmering blue altar of Sif Muna.
  9750 | D:8      | Noticed a two-headed ogre
  9764 | D:8      | Killed a two-headed ogre
  9765 | D:8      | Reached skill level 5 in Dodging
 10009 | D:8      | Bought a book of Geomancy for 264 gold pieces
 10016 | D:8      | Learned a level 5 spell: Lee's Rapid Deconstruction
 10289 | D:9      | Noticed a two-headed ogre
 10292 | D:9      | Killed a two-headed ogre
 10293 | D:9      | Reached skill level 11 in Earth Magic
 10452 | D:9      | Noticed a two-headed ogre
 10455 | D:9      | Killed a two-headed ogre
 10609 | D:9      | Reached XP level 11. HP: 66/66 MP: 11/20
 11195 | D:9      | Found Mookuc's Elemental Accessories.
 11232 | D:9      | Noticed a harpy
 11243 | D:9      | Killed a harpy
 11653 | D:9      | Found Cheibriados's Comfort Zone.
 11655 | D:9      | Found a snail-covered altar of Cheibriados.
 11837 | D:10     | Entered Level 10 of the Dungeon
 12063 | D:10     | Reached **** piety under Kikubaaqudgha
 12154 | D:10     | Found a sacrificial altar of Ru.
 12178 | D:10     | Found a staircase to the Lair.
 12193 | D:10     | Reached skill level 12 in Earth Magic
 12445 | D:10     | Learned a level 1 spell: Apportation
 12549 | D:10     | Identified the +10 scale mail of the Constellations {Int+4}
 12602 | D:10     | Identified the +3 ring mail of Zumuthru {rElec rPois rCorr
                  | Int-4}
 12850 | D:11     | Noticed a two-headed ogre
 12853 | D:11     | Killed a two-headed ogre
 13057 | D:11     | Reached skill level 1 in Armour
 13057 | D:11     | Reached skill level 5 in Necromancy
 13069 | D:11     | Noticed a boulder beetle
 13092 | D:11     | Killed a boulder beetle
 14009 | D:11     | Reached XP level 12. HP: 66/75 MP: 6/23
 14161 | D:11     | Reached skill level 5 in Armour
 14190 | D:11     | Found a staircase to the Orcish Mines.
 14554 | Lair:1   | Entered Level 1 of the Lair of Beasts
 14796 | Lair:1   | Noticed a four-headed hydra
 14801 | Lair:1   | Killed a four-headed hydra
 16180 | Lair:2   | Found a staircase to the Swamp.
 16213 | Lair:2   | Reached ***** piety under Kikubaaqudgha
 16621 | Lair:2   | Noticed an eight-headed hydra
 16636 | Lair:2   | Killed an eight-headed hydra
 16950 | Lair:2   | Noticed a six-headed hydra
 16955 | Lair:2   | Killed a six-headed hydra
 16956 | Lair:2   | Reached skill level 10 in Fighting
 16992 | Lair:2   | Reached XP level 13. HP: 42/82 MP: 3/26
 17257 | Lair:2   | Learned a level 4 spell: Dispel Undead
 17939 | Lair:2   | Identified a scroll of acquirement
 17939 | Lair:2   | Acquired a +0 helmet of intelligence
 18361 | Lair:3   | Found a staircase to the Snake Pit.
 22664 | Lair:5   | Reached skill level 10 in Spellcasting
 22664 | Lair:5   | Gained mutation: Your large and strong wings let you fly.
                  | [Gargoyle growth]
 22664 | Lair:5   | Reached XP level 14. HP: 52/90 MP: 17/28
 23383 | Lair:6   | Entered Level 6 of the Lair of Beasts
 23950 | Lair:6   | Reached skill level 10 in Necromancy
 24050 | Lair:6   | Mangled by a komodo dragon

Illustrated notes

Levels and vault maps discovered:
D:1:      kennysheep_arrival_forest, layout_basic
D:2:      layout_loops_cross, shapermc_ecumenical_altar_mp_ritualfount,
          corexii_leaking_fountain, grunt_ministairs_7, minmay_misc_feat_iff,
          guppyfry_early_lair_pool
D:3:      layout_basic, fedhas_altar_2, minmay_ogre_servants
D:4:      layout_layer_cave, nicolae_vehumet_altar_sigil,
          minmay_temple_entry_wispy
D:5:      layout_loops_ring, grunt_temple_overflow_open, gup_sewer_entry_pipe,
          minmay_misc_feat_encased
D:6:      layout_cave_pools
D:7:      layout_gridville, ebering_ghost_xom
D:8:      layout_rooms, mainiacjoe_overflow_concentric_impassable, serial_shops,
          nicolae_stop_n_shop_1
D:9:      layout_layer_cave, nicolae_elemental_shop, minmay_shop_chei,
          minmay_misc_feat_tower
D:10:     layout_cave_pools, old_standard_altar, erik_lair_orcish_takeover,
          kennysheep_big_empty_room, chequers_garden, bh_circular_ruins
D:11:     cheibrodos_magma_flow, layout_cave_pools, david_orc_5,
          kennysheep_minor_cross
Temple:   compressed_dpeg_circular_temple
Lair:1:   statuecave_lemuel, layout_gridlike, infiniplex_staircase_pool_2
Lair:2:   layout_gridlike, swamp_mist, st_stairs_9, grunt_megastairs_2
Lair:3:   layout_cave_pods, minmay_snake_entry_guardpost_small,
          grunt_forest_small_clearing_treed, minmay_lair_oklob_chamber,
          serial_bayou_shore_a
Lair:4:   layout_cave_pods
Lair:5:   layout_cave_pods, serial_bayou_shore_b, serial_bayou_shore_b
Lair:6:   gammafunk_lair_ancient_temple, layout_cave_pods, slime_dummy, pond

Skill      XL: |  1  2  3  4  5  6  7  8  9 10 11 12 13 14 |
---------------+-------------------------------------------+-----
Transmutations | 1 2 |  2.0
Earth Magic    | 4 5 6 8 9 11 12 | 12.0
Fighting       | 1 2 3 4 5 6 8 10 11 | 11.5
Dodging        | 2 3 4 5 6 7 8 |  8.1
Conjurations   | 1 2 3 4 5 |  5.0
Spellcasting   | 3 4 5 6 7 9 10 | 10.2
Necromancy     | 1 3 4 5 7 9 10 | 10.0
Armour         | 4 5 |  5.0
Stealth        | |  2.1

Action                   |  1- 3 |  4- 6 |  7- 9 | 10-12 | 13-15 || total
-------------------------+-------+-------+-------+-------+-------++-------
Melee: Dagger            |    17 |    51 |   130 |   197 |    89 ||   484
       Rapier            |       |       |       |     2 |    84 ||    86
Throw: Dart              |       |       |       |     5 |       ||     5
 Cast: Sandblast         |    43 |    50 |    55 |    77 |    47 ||   272
       Animate Skeleton  |       |     3 |     1 |    22 |    19 ||    45
       Stone Arrow       |       |       |    80 |   139 |   145 ||   364
       Borgnjor's Vile C |       |       |     2 |     6 |     2 ||    10
       Corpse Rot        |       |       |     1 |       |       ||     1
       Lee's Rapid Decon |       |       |       |    26 |    16 ||    42
       Passwall          |       |       |       |       |     3 ||     3
Invok: Receive Corpses   |       |       |       |     1 |       ||     1
Evoke: Wand              |       |       |     2 |    13 |     1 ||    16
  Use: Scroll            |       |     1 |     8 |     7 |    11 ||    27
       Potion            |       |       |     3 |     6 |     1 ||    10
 Stab: Sleeping          |       |     1 |       |       |       ||     1
       Distracted        |       |       |     1 |       |     1 ||     2
Armor: Leather armour    |     8 |    18 |    99 |    57 |       ||   182
       Scale mail        |       |       |       |   179 |   284 ||   463
Dodge: Dodged            |    17 |    49 |   144 |   231 |   237 ||   678
Block: Other             |       |       |       |       |    52 ||    52

Table legend: (Time is in decaauts)
 A = Elapsed time spent in this place.
 B = Non-inter-level travel time spent in this place.
 C = Inter-level travel time spent in this place.
 D = Time resting spent in this place.
 E = Time spent auto-exploring this place.
 F = Levels seen in this place.
 G = Mean time per level.
                   A        B        C        D        E       F      G
               +--------+--------+--------+--------+--------+-----+--------+
         Total |  24130 |  23599 |    531 |   5174 |  15289 |  19 | 1270.0 |
       Dungeon |  14013 |  13651 |    362 |   2771 |   9029 |  11 | 1273.9 |
        Temple |    158 |    149 |      9 |      0 |     99 |   1 |  158.0 |
          Lair |   9538 |   9379 |    159 |   2367 |   5864 |   6 | 1589.7 |
         Sewer |    420 |    420 |      0 |     36 |    297 |   1 |  420.0 |
               +--------+--------+--------+--------+--------+-----+--------+

Top non-repeatable levels by time:
  Lair:2: 1984 daAuts
  Lair:5: 1973 daAuts
  Lair:3: 1956 daAuts
    D:11: 1713 daAuts
     D:4: 1692 daAuts
  Lair:4: 1610 daAuts
     D:9: 1547 daAuts
  Lair:1: 1520 daAuts
     D:1: 1329 daAuts
     D:7: 1319 daAuts
     D:5: 1231 daAuts
     D:6: 1170 daAuts
     D:3: 1049 daAuts
     D:8: 1015 daAuts
    D:10: 1001 daAuts
